 Dungeon Crawl Stone Soup version 0.30-a0-50-gb2d611f6b1 (webtiles) character file.

Game seed: 15193054935917811259

7807 timneilson the Protected (level 11, -2/99 HPs)
             Began as a Gargoyle Fighter on Sept 3, 2022.
             Was an Elder of Okawaru.
             Slain by a yak (6 damage)
             ... on level 11 of the Dungeon.
             The game lasted 00:24:30 (14286 turns).

timneilson the Protected (Gargoyle Fighter)        Turns: 14286, Time: 00:24:31

Health: -2/99      AC: 29    Str: 32    XL:     11   Next: 21%
Magic:  15/15      EV:  2    Int: 10    God:    Okawaru [****..]
Gold:   678        SH: 11    Dex: 13    Spells: 10/10 levels left

rFire   . . .      SeeInvis .    a - +1 long sword
rCold   . . .      Faith    .    c - +0 buckler
rNeg    + . .      Spirit   .    (body armour currently unavailable)
rPois   ∞          Reflect  +    (helmet currently unavailable)
rElec   .          Harm     .    (cloak currently unavailable)
rCorr   .          Rampage  .    (gloves currently unavailable)
Will    .....      NoTele   +    (boots currently unavailable)
Stlth   +.........               q - amulet "Jojylebb" {Reflect +Inv Will- Str+3 Dex+4 SH+5}
HPRegen 0.26/turn                e - +4 ring of protection
MPRegen 0.14/turn                x - +6 ring of strength

@: tree-form, studying Evocations, invisible
A: stationary, stasis, torment immunity, boosted hp, sickness immunity, AC +8,
negative energy resistance 1, (electricity resistance), torment resistance 1,
petrification resistance
a: Renounce Religion, Evoke Invisibility, Heroism, Finesse


You were on level 11 of the Dungeon.
You worshipped Okawaru.
Okawaru was greatly pleased with you.
You were a tree.
You visited 1 branch of the dungeon, and saw 11 of its levels.

You collected 818 gold pieces.
You spent 140 gold pieces at shops.

Inventory:

Hand Weapons
 a - a +1 long sword (weapon)
Armour
 c - a +0 buckler (worn)
 k - a +0 pair of gloves (melded)
 l - a +0 plate armour (melded)
 m - a +0 helmet (melded)
 B - a +0 cloak (melded)
Jewellery
 e - a +4 ring of protection (left branch)
 q - the amulet "Jojylebb" (around neck) {Reflect +Inv Will- Str+3 Dex+4 SH+5}
   (You bought it in a shop on level 7 of the Dungeon)

   [amulet of reflection]

   It reflects blocked missile attacks.
   Str:       It affects your strength (+3).
   Dex:       It affects your dexterity (+4).
   +Inv:      It lets you turn invisible.
   SH:        It affects your SH (+5).
   Will:      It decreases your willpower.
 x - a +6 ring of strength (right branch)
 y - a ring of willpower
Wands
 t - a wand of flame (13)
 u - a wand of quicksilver (2)
 w - a wand of roots (5)
Scrolls
 n - 2 scrolls of poison
 o - 5 scrolls of teleportation
 r - a scroll of silence
 s - 2 scrolls of amnesia
 v - a scroll of enchant weapon
Potions
 b - 2 potions of heal wounds {unknown}
 d - 3 potions of might
 f - 2 potions of brilliance
 g - a potion of lignification
 i - a potion of cancellation
 j - 3 potions of resistance
 p - 2 potions of attraction
 A - a potion of flight {unknown}
 D - a potion of mutation {unknown}


   Skills:
 + Level 6.8 Fighting
 * Level 7.4 Long Blades
 * Level 9.4 Armour
 + Level 4.4 Dodging
 * Level 9.4 Shields
 + Level 5.4 Invocations
 + Level 3.8 Evocations


You had 10 spell levels left.
You didn't know any spells.
Your spell library contained the following spells:

 Spells                   Type           Power      Damage    Failure   Level
 Poisonous Vapours        Pois/Air       0%         N/A       56%         2
 Portal Projectile        Hex/Tloc       0%         N/A       80%         3
 Anguish                  Hex/Necr       0%         N/A       99%         4
 Corpse Rot               Necr/Pois/Air  0%         N/A       99%         4
 Leda's Liquefaction      Hex/Erth       0%         N/A       99%         4
 Enfeeble                 Hex            0%         N/A       100%        7
 Call Canine Familiar     Summ           Unusable   N/A       N/A         3

Dungeon Overview and Level Annotations

Branches:
Dungeon (11/15)            Temple (0/1) D:5             Orc (0/2) D:10
   Lair: D:8-11

Altars:
Ashenzari
Cheibriados
Kikubaaqudgha
Nemelex Xobeh
Okawaru
Vehumet
Yredelemnul

Shops:
D:6 [   D:7 =*

Annotations:
D:9 1 runed translucent door


Innate Abilities, Weirdness & Mutations

You are a tree.
Your roots penetrate the ground, keeping you stationary.
You cannot be teleported.
You are immune to unholy pain and torment.
Your maximum health is greatly increased.
Your equipment is partially melded.
You are immune to sickness and miasma.
((Your stone body is resilient. (AC +8)))
You are immune to poison.
You resist negative energy. (rN+)
((You are resistant to electric shocks. (rElec)))
You are resistant to unholy torment.
You are immune to petrification.


Message History

You block the yak's attack. The yak gores you but does no damage.
Unknown command.
You hit the yak.
The yak is lightly wounded.
You feel like a meek peon again. The yak gores you but does no damage.
The yak gores you!
* * * LOW HITPOINT WARNING * * *
You block the yak's attack.
Unknown command.
You fade into invisibility!
The yak barely misses you. You block the yak's attack.
The yak closely misses you.
Really quaff the potion of lignification?
You turn into a tree.
Your +0 cloak melds into your body.
Your +0 helmet melds into your body.
Your +0 pair of gloves melds into your body.
Your +0 plate armour melds into your body.
Your roots penetrate the ground.
You block the yak's attack.
The yak gores you but does no damage. x2
You hit the yak.
The yak is lightly wounded.
You block the yak's attack. The yak gores you but does no damage.
You slash the yak!
The yak is moderately wounded.
The yak gores you.
* * * LOW HITPOINT WARNING * * *
The yak gores you but does no damage.
You slash the yak!
The yak is heavily wounded.
You block the yak's attack. The yak gores you but does no damage.
You catch the helpless yak completely off-guard!
You hit the yak but do no damage.
The yak is heavily wounded.
The yak gores you but does no damage.
You catch the helpless yak completely off-guard!
You hit the yak.
The yak is moderately wounded.
The yak snorts and paws the ground.
The yak gores you but does no damage. The yak gores you.
You die...

..................#####..#.####
...............<..............#
..................##..##..##..#
.................####....## #.#
.................## ##..## ...
.........Y.Y......## #..# ..#
...........YY..YY..###..# .#
#.##......######Y#.......
########### #. #♣#........
#.##Y..###..# #.....## .#
#....## ..## #....## ....
#>....##..##.. #......(......
#.....##.#.#.. #...### ..


You could see 4 yaks.

Vanquished Creatures
  A hydra (D:10)
  A two-headed ogre (D:9)
  A cyclops (D:11)
  Joseph (D:8)
  A gargoyle (D:11)
  A kobold demonologist (D:11)
  2 wyverns
  A shadow (D:10)
  A yak (D:11)
  Edmund (D:5)
  An acid dragon (D:11)
  5 orc warriors
  An ice beast (D:8)
  2 sky beasts
  2 black bears
  An ogre (D:7)
  6 centaurs
  5 bullfrogs
  2 kobold brigands
  4 scorpions
  A necrophage (D:7)
  2 wights (D:8)
  23 killer bees
  3 vampire bats (D:5)
  2 howler monkeys
  2 hounds
  9 orc priests
  4 iguanas
  7 orc wizards
  10 gnolls
  6 adders
  2 shadow imps
  2 white imps
  2 ufetubi
  3 worms (D:4)
  4 dart slugs
  31 orcs
  12 bats
  9 endoplasms
  4 giant cockroaches
  7 goblins
  5 hobgoblins
  5 jackals
  23 kobolds
  5 quokkas
  3 ball pythons
  6 frilled lizards
  9 rats
241 creatures vanquished.

Vanquished Creatures (others)
  A sky beast (D:8)
  An orc wizard (D:8)
  16 plants
  3 withered plants (D:1)
21 creatures vanquished.

Grand Total: 262 creatures vanquished

Notes
Turn   | Place    | Note
-------+----------+-------------------------------------------
     0 | D:1      | timneilson the Gargoyle Fighter began the quest for the
                  | Orb.
     0 | D:1      | Reached XP level 1. HP: 14/14 MP: 1/1
   223 | D:1      | Reached XP level 2. HP: 19/19 MP: 2/2
   470 | D:1      | Reached XP level 3. HP: 16/23 MP: 3/3
  1075 | D:1      | Found a faded altar of an unknown god.
  2065 | D:2      | Reached XP level 4. HP: 23/28 MP: 4/4
  3053 | D:3      | Reached XP level 5. HP: 19/33 MP: 5/5
  3067 | D:3      | Reached skill level 1 in Dodging
  3561 | D:3      | Found an ancient bone altar of Kikubaaqudgha.
  3562 | D:3      | Found a sparkling altar of Nemelex Xobeh.
  4361 | D:4      | Reached XP level 6. HP: 31/38 MP: 6/6
  4413 | D:4      | Found a snail-covered altar of Cheibriados.
  4477 | D:4      | Found a radiant altar of Vehumet.
  4669 | D:4      | Found an iron altar of Okawaru.
  4669 | D:4      | Found a broken altar of Ashenzari.
  4674 | D:4      | Became a worshipper of Warmaster Okawaru
  4925 | D:5      | Entered Level 5 of the Dungeon
  4958 | D:5      | Reached skill level 5 in Armour
  4958 | D:5      | Reached skill level 5 in Shields
  5145 | D:5      | Reached XP level 7. HP: 26/43 MP: 7/7
  5256 | D:4      | Reached skill level 1 in Invocations
  5602 | D:5      | Found a staircase to the Ecumenical Temple.
  5834 | D:5      | Reached * piety under Okawaru
  6018 | D:5      | Reached XP level 8. HP: 37/48 MP: 9/9
  6869 | D:5      | Noticed Edmund
  6899 | D:5      | Killed Edmund
  7345 | D:5      | Identified the -1 pair of boots of Impatience {rC- Str+4
                  | Dex+2}
  7662 | D:6      | Identified the +3 ring mail "Dumnaikk" {Harm}
  7847 | D:6      | Found Osuda Hede's Armour Boutique.
  8315 | D:7      | Found Nudufoovi's Jewellery Emporium.
  8351 | D:7      | Reached skill level 5 in Fighting
  8407 | D:7      | Reached skill level 5 in Long Blades
  8431 | D:7      | Reached ** piety under Okawaru
  8549 | D:7      | Reached XP level 9. HP: 48/54 MP: 11/11
  8710 | D:7      | Found Tiqis's Assorted Antiques.
  9554 | D:8      | Noticed Joseph
  9580 | D:8      | Killed Joseph
  9845 | D:7      | Bought a faintly glowing zirconium amulet for 140 gold
                  | pieces
  9845 | D:7      | Identified the amulet "Jojylebb" {Reflect +Inv Will- Str+3
                  | Dex+4 SH+5} (You bought it in a shop on level 7 of the
                  | Dungeon)
 10029 | D:8      | Reached *** piety under Okawaru
 10040 | D:8      | Reached skill level 1 in Evocations
 10670 | D:8      | Reached XP level 10. HP: 58/60 MP: 13/13
 11015 | D:9      | Noticed a two-headed ogre
 11037 | D:9      | Killed a two-headed ogre
 11272 | D:9      | Found a runed translucent door.
 11279 | D:9      | Found a basalt altar of Yredelemnul.
 11745 | D:9      | Identified a scroll of acquirement
 11745 | D:9      | Acquired a manual of Evocations
 11754 | D:10     | Entered Level 10 of the Dungeon
 12040 | D:10     | Reached **** piety under Okawaru
 12178 | D:10     | Found a staircase to the Orcish Mines.
 13269 | D:10     | Reached skill level 5 in Invocations
 13374 | D:10     | Noticed a four-headed hydra
 13378 | D:10     | Killed a four-headed hydra
 13379 | D:10     | Reached XP level 11. HP: 51/66 MP: 14/14
 13856 | D:11     | Noticed a cyclops
 13876 | D:11     | Killed a cyclops
 13880 | D:11     | HP: 1/66 [acid dragon/splash of acid (10)]
 14274 | D:11     | HP: 2/66 [yak (6)]
 14279 | D:11     | HP: 3/66 [yak (7)]
 14286 | D:11     | Slain by a yak

Illustrated notes

Levels and vault maps discovered:
D:1:      lightli_arrival_statue_moat, layout_basic,
          shapermc_ecumenical_altar_flowoftime, grunt_decor_fettered,
          lexackson_kobold_supper
D:2:      layout_basic, serial_glass, glass_columns_a, glass_columns_a,
          glass_columns_b, glass_columns_a, glass_columns_b
D:3:      layout_loops_ring, nicolae_overflow_squiral
D:4:      layout_loops_ring, nicolae_overflow_crystal_walls,
          nicolae_vehumet_altar_sigil, gammafunk_temple_overflow_statue,
          serial_bayou_ford_a
D:5:      mumra_celtic_spiral_tile, layout_basic,
          minmay_temple_entry_proselytizer, serial_glass, glass_columns_a,
          glass_columns_a, roderic_batcave, grunt_decor_one_mirror,
          nicolae_fountain_basement, uniq_edmund
D:6:      layout_gridville, serial_shops, shop, corexii_checkpoint_a
D:7:      layout_cave_pods, serial_shops, nicolae_shop_hallway_stairs,
          nicolae_take_the_stairs
D:8:      minmay_goldmine, layout_basic, minmay_joined_circles, uniq_joseph
D:9:      layout_rooms, dk_yredelemnul_ordeal, minmay_misc_feat_rows
D:10:     layout_stronghold, orc_0_dummy
D:11:     layout_basic, lair_entry_dummy, portal_ice_cave_entry_imps,
          palyth_stone_intersect, kennysheep_flooded_box,
          hellmonk_guarded_unrand_dark_maul

Skill      XL: |  1  2  3  4  5  6  7  8  9 10 |
---------------+-------------------------------+-----
Long Blades    | 2 3 4 5 6 7 |  7.4
Armour         | 4 5 6 7 9 |  9.4
Shields        | 4 5 6 7 9 |  9.4
Dodging        | 1 2 3 4 |  4.4
Fighting       | 4 5 6 |  6.8
Invocations    | 2 3 4 5 |  5.4
Evocations     | 1 3 |  3.8

Action                   |  1- 3 |  4- 6 |  7- 9 | 10-12 || total
-------------------------+-------+-------+-------+-------++-------
Melee: Long sword        |   184 |   289 |   682 |   585 ||  1740
Invok: Heroism           |       |       |     2 |    12 ||    14
Evoke: Wand              |       |       |       |     4 ||     4
  Use: Scroll            |     5 |     4 |     5 |     5 ||    19
       Potion            |       |       |     2 |     6 ||     8
 Stab: Invisible         |       |       |       |     2 ||     2
Armor: Scale mail        |    97 |    61 |       |       ||   158
       Chain mail        |       |   157 |   550 |   159 ||   866
       Plate armour      |       |       |       |   269 ||   269
       Skin              |       |       |       |     7 ||     7
Dodge: Dodged            |    72 |   126 |   317 |   327 ||   842
Block: Buckler           |    38 |    71 |   247 |   501 ||   857
       Reflection        |       |       |     5 |     7 ||    12

Table legend: (Time is in decaauts)
 A = Elapsed time spent in this place.
 B = Non-inter-level travel time spent in this place.
 C = Inter-level travel time spent in this place.
 D = Time resting spent in this place.
 E = Time spent auto-exploring this place.
 F = Levels seen in this place.
 G = Mean time per level.
                   A        B        C        D        E       F      G
               +--------+--------+--------+--------+--------+-----+--------+
         Total |  14604 |  14331 |    273 |   1235 |   9412 |  11 | 1327.6 |
       Dungeon |  14604 |  14331 |    273 |   1235 |   9412 |  11 | 1327.6 |
               +--------+--------+--------+--------+--------+-----+--------+

Top non-repeatable levels by time:
     D:5: 2366 daAuts
    D:10: 2266 daAuts
     D:8: 1672 daAuts
     D:1: 1550 daAuts
     D:2: 1336 daAuts
     D:3: 1226 daAuts
     D:4: 1178 daAuts
     D:7: 1007 daAuts
     D:6: 906 daAuts
     D:9: 821 daAuts
    D:11: 274 daAuts
